 Dungeon Crawl Stone Soup version 0.19-a0-1932-g59670f6 (webtiles) character file.

11587 varam the Grappler (level 11, -1/94 HPs)
             Began as a Troll Monk on Oct 25, 2016.
             Was a High Priest of Okawaru.
             Slain by a red ugly thing (15 damage)
             ... on level 11 of the Dungeon.
             The game lasted 00:22:25 (9494 turns).

varam the Grappler (Troll Monk)                     Turns: 9494, Time: 00:22:26

Health: -1/94      AC:  5    Str: 21    XL:     11   Next: 51%
Magic:  8/10       EV: 16    Int:  6    God:    Okawaru [*****.]
Gold:   394        SH: 15    Dex: 15    Spells: 0 memorised, 10 levels left

rFire  . . .     SeeInvis .       - Unarmed
rCold  . . .     Gourm    +     y - +0 robe "Fillup" {rN+}
rNeg   + . .     Faith    .     W - +2 shield {reflect}
rPois  .         Spirit   .     (helmet restricted)
rElec  .         Reflect  +     (no cloak)
rCorr  .         Harm     .     (gloves unavailable)
MR     .....                    (boots unavailable)
Stlth  ++........               (no amulet)
                                (no ring)
                                e - ring of loudness (curse)

@: heroism
A: unfitting armour, claws 3, fast metabolism 3, gourmand, regeneration 1,
shaggy fur 1, tough skin 2
a: Heroism, Finesse, Renounce Religion


You were on level 11 of the Dungeon.
You worshipped Okawaru.
Okawaru was extremely pleased with you.
You were full.

You visited 2 branches of the dungeon, and saw 12 of its levels.

You collected 634 gold pieces.
You spent 240 gold pieces at shops.

Inventory:

Hand Weapons
 K - the +3 falchion of Japlulap {slice, +Blink rN+ Int+4 Dex+4}
   (You found it on level 7 of the Dungeon)

   It inflicts extra damage upon your enemies.
   It affects your intelligence (+4).
   It affects your dexterity (+4).
   It protects you from negative energy.
   It lets you blink.
Missiles
 c - 2 tomahawks of returning
 m - 15 tomahawks (quivered)
 A - 198 stones
 Q - 2 javelins
 X - a large rock
 Y - 2 poisoned javelins
Armour
 a - a +0 robe
 y - the +0 robe "Fillup" (worn) {rN+}
   (You found it on level 5 of the Dungeon)

   It protects you from negative energy.
 W - a +2 shield of reflection (worn)
Jewellery
 e - a cursed ring of loudness (left claw)
 o - the ring of Shaolin {EV+8}
   (You found it on level 4 of the Dungeon)

   [ring of evasion]

   It affects your evasion (+8).
 r - a +3 ring of dexterity {unknown}
 z - an uncursed ring of protection from magic {unknown}
 H - an uncursed amulet of rage {unknown}
 S - an uncursed ring of fire {unknown}
Wands
 J - a wand of digging (6/24)
 M - a wand of lightning (7/15)
 T - a wand of lightning (3/15)
 V - a wand of paralysis (14/24)
Scrolls
 d - 3 scrolls of fear {unknown}
 f - 9 scrolls of teleportation {unknown}
 g - 4 scrolls of recharging {unknown}
 j - 10 scrolls of identify {unknown}
 k - 2 scrolls of random uselessness {unknown}
 p - 2 scrolls of fog {unknown}
 t - a scroll of enchant weapon {unknown}
 v - 2 scrolls of noise {unknown}
 w - a scroll of amnesia {unknown}
 B - 6 scrolls of immolation {unknown}
 C - a scroll of blinking {unknown}
 D - a scroll of silence {unknown}
 E - 2 scrolls of magic mapping {unknown}
 F - 7 scrolls of remove curse {unknown}
 G - a scroll of enchant armour {unknown}
Potions
 h - 2 potions of brilliance {unknown}
 i - 3 potions of cancellation {unknown}
 l - 3 potions of haste {unknown}
 n - 3 potions of curing {@q1}
 q - a potion of flight {unknown}
 s - 2 potions of heal wounds {unknown}
 x - 4 potions of might {unknown}
 I - a potion of ambrosia {unknown}
 L - 2 potions of cure mutation {unknown}
 N - a potion of beneficial mutation {unknown}
 P - a potion of magic {unknown}
 U - a potion of lignification {unknown}
Comestibles
 b - 14 bread rations
 u - 4 meat rations
 O - 4 royal jellies
 R - 6 fruits


   Skills:
 - Level 2.4(7.4) Fighting
 - Level 5.4(10.4) Dodging
 - Level 1.0(6.0) Stealth
 - Level 9.0(14.0) Shields
 + Level 13.7(18.7) Unarmed Combat


You had 10 spell levels left.
You didn't know any spells.

Dungeon Overview and Level Annotations

Branches:
Dungeon (11/15)            Temple (1/1) D:5             Orc (0/2) D:10
   Lair: D:8-11

Altars:
Ashenzari
Cheibriados
Dithmenos
Elyvilon
Fedhas
Gozag
Hepliaklqana
Kikubaaqudgha
Makhleb
Nemelex Xobeh
Okawaru
Qazlal
Ru
Sif Muna
Trog
Uskayaw
Vehumet
Xom
Yredelemnul
Zin
The Shining One

Shops:
D:10 ([

Portals:
Trove: D:10 (give wand of hasting (9))


Innate Abilities, Weirdness & Mutations

You are too large for most types of armour.
You have claws for hands.
Your metabolism is lightning-fast.
You like to eat raw meat.
Your natural rate of healing is unusually fast.
You are covered in fur. (AC +1)
You have very tough skin. (AC +2)


Message History

You barely miss the red ugly thing.
The red ugly thing is lightly wounded.
The red ugly thing tentacle-slaps you!
You are engulfed in flames!
You scratch the red ugly thing but do no damage.
The red ugly thing is lightly wounded.
You feel sick. The red ugly thing tentacle-slaps you.
You are engulfed in flames!
You scratch the red ugly thing.
The red ugly thing is lightly wounded.
The red ugly thing tentacle-slaps you!
You are engulfed in flames!
You gain the combat prowess of a mighty hero.
The red ugly thing tentacle-slaps you!
* * * LOW HITPOINT WARNING * * *
You are engulfed in flames!
* * * LOW HITPOINT WARNING * * *
It was a potion of curing.
You feel better. The red ugly thing tentacle-slaps you.
* * * LOW HITPOINT WARNING * * *
You are engulfed in flames!
You die...

#############
............#
.##########'####
.# #.......# .#
#.#...#.# .#
#.......###
.#####.+...>...'.#
.......#.......#@#
.####..#.#...#.#u#
.# #.......#Y# .#
####+####.# ..
..#..###.# ..
..u......# .##
.....##..# #. .##
....# ##...#


You could see a red ugly thing and an ice beast.

Vanquished Creatures
  Snorg (D:10)
  2 hill giants (D:11)
  An ugly thing (D:11)
  2 deep elf magi (D:10)
  A manticore (D:11)
  A gargoyle (D:9)
  2 trolls (D:9)
  A merfolk (D:10)
  A hippogriff (D:8)
  A wraith (D:10)
  6 yaks
  Eustachio (D:4)
  A human (D:10)
  Grum (D:8)
  4 hungry ghosts
  Menkaure (D:5)
  A water moccasin (D:8)
  5 ice beasts
  3 sky beasts
  2 necrophages
  5 orc warriors
  A black bear (D:10)
  3 phantoms
  4 wolves
  4 ogres
  2 centaurs
  5 bullfrogs
  4 scorpions
  10 killer bees
  7 wights
  5 howler monkeys
  3 bullfrog zombies
  5 crimson imps
  5 hounds
  2 jellies
  An orc priest (D:9)
  2 bullfrog skeletons
  2 centaur skeletons
  4 iguanas
  8 orc wizards
  7 worker ants
  2 hound zombies
  Robin (D:4)
  A worker ant zombie (D:5)
  10 adders
  A shadow imp (D:9)
  4 adder skeletons
  An adder zombie (D:8)
  A worm (D:2)
  3 dart slugs
  3 leopard geckos
  29 orcs
  A ball python (D:6)
  3 bats
  5 giant cockroaches
  18 goblins
  4 hobgoblins
  7 jackals
  3 quokkas
  2 frilled lizards (D:1)
  A giant cockroach zombie (D:5)
  3 jackal skeletons
  A jackal zombie (D:7)
  2 kobolds (D:1)
  3 leopard gecko skeletons
  2 quokka skeletons (D:5)
  15 rats
253 creatures vanquished.

Vanquished Creatures (others)
  An orc priest (D:10)
  A killer bee zombie (D:10)
  4 plants (D:11)
6 creatures vanquished.

Grand Total: 259 creatures vanquished

Notes
Turn   | Place    | Note
-------+----------+-------------------------------------------
     0 | D:1      | varam the Troll Monk began the quest for the Orb.
     0 | D:1      | Reached XP level 1. HP: 22/22 MP: 0/0
   117 | D:1      | Reached XP level 2. HP: 29/29 MP: 1/1
   295 | D:1      | Reached skill level 4 in Unarmed Combat
   423 | D:1      | Reached XP level 3. HP: 36/36 MP: 2/2
   935 | D:3      | Reached skill level 5 in Unarmed Combat
   935 | D:3      | Reached XP level 4. HP: 44/44 MP: 3/3
  1534 | D:4      | Reached XP level 5. HP: 47/50 MP: 4/4
  1545 | D:4      | Reached skill level 6 in Unarmed Combat
  1595 | D:4      | Noticed a phantom
  1607 | D:4      | Killed a phantom
  1607 | D:4      | Reached XP level 6. HP: 45/59 MP: 5/5
  1672 | D:4      | Reached skill level 7 in Unarmed Combat
  1787 | D:4      | Noticed Robin
  1792 | D:4      | Killed Robin
  1860 | D:4      | Found a shadowy altar of Dithmenos.
  2149 | D:4      | Reached skill level 8 in Unarmed Combat
  2149 | D:4      | Reached XP level 7. HP: 65/66 MP: 6/6
  2252 | D:4      | Noticed Eustachio
  2258 | D:4      | Killed Eustachio
  2272 | D:4      | Reached skill level 9 in Unarmed Combat
  2300 | D:5      | Entered Level 5 of the Dungeon
  2306 | D:5      | Found a staircase to the Ecumenical Temple.
  2316 | Temple   | Entered the Ecumenical Temple
  2409 | Temple   | Became a worshipper of Warmaster Okawaru
  2409 | Temple   | Reached * piety under Okawaru
  2409 | Temple   | Reached ** piety under Okawaru
  2568 | D:5      | Got a sheer robe
  2579 | D:5      | Identified the +0 robe "Fillup" {rN+} (You found it on level 5 of the Dungeon)
  2942 | D:3      | You fall through a shaft!
  3091 | D:5      | Noticed Menkaure
  3101 | D:5      | Killed Menkaure
  3193 | D:5      | Reached XP level 8. HP: 60/74 MP: 7/7
  3228 | D:5      | Reached skill level 10 in Unarmed Combat
  3731 | D:6      | Found an ancient bone altar of Kikubaaqudgha.
  3732 | D:6      | Found a sacrificial altar of Ru.
  3733 | D:6      | Found a white marble altar of Elyvilon.
  4039 | D:6      | Reached *** piety under Okawaru
  4157 | D:6      | Reached skill level 5 in Dodging
  4511 | D:7      | Reached skill level 1 in Shields
  4843 | D:7      | Reached XP level 9. HP: 80/80 MP: 8/8
  5004 | D:7      | Got a transparent falchion
  5005 | D:7      | Identified the +3 falchion of Japlulap {slice, +Blink rN+ Int+4 Dex+4} (You found it on level 7 of the Dungeon)
  5044 | D:8      | Noticed Grum
  5355 | D:8      | Killed Grum
  5482 | D:8      | Reached **** piety under Okawaru
  5533 | D:7      | Reached skill level 5 in Shields
  6727 | D:9      | Noticed a troll
  6727 | D:9      | Noticed a troll
  6742 | D:9      | Reached XP level 10. HP: 76/87 MP: 9/9
  6745 | D:9      | Reached ***** piety under Okawaru
  6745 | D:9      | Reached skill level 11 in Unarmed Combat
  6868 | D:9      | Found a sparkling altar of Nemelex Xobeh.
  7158 | D:9      | Noticed a gargoyle
  7171 | D:9      | Killed a gargoyle
  7495 | D:10     | Entered Level 10 of the Dungeon
  7800 | D:11     | Noticed a manticore
  7814 | D:11     | Killed a manticore
  7815 | D:11     | Noticed a hill giant
  7825 | D:11     | Killed a hill giant
  7825 | D:11     | Received a gift from Okawaru
  7825 | D:11     | Reached skill level 12 in Unarmed Combat
  7883 | D:10     | Noticed a deep elf mage
  7884 | D:10     | Noticed a deep elf mage
  7906 | D:11     | Noticed a hill giant
  7924 | D:11     | Killed a hill giant
  8082 | D:10     | Reached XP level 11. HP: 80/93 MP: 7/10
  8166 | D:10     | Found Doudwoe's Armour Shop.
  8166 | D:10     | Found a staircase to the Orcish Mines.
  8166 | D:10     | Found Maol's Weapon Shop.
  8175 | D:10     | Bought a +2 shield of reflection for 240 gold pieces
  8272 | D:10     | Noticed Snorg
  8284 | D:10     | Killed Snorg
  8284 | D:10     | Received a gift from Okawaru
  8736 | D:10     | Found a portal to a secret trove of treasure.
  8802 | D:10     | Killed a deep elf mage
  8802 | D:10     | Reached skill level 13 in Unarmed Combat
  8875 | D:10     | Killed a deep elf mage
  9048 | D:10     | Received a gift from Okawaru
  9383 | D:11     | Noticed a purple ugly thing
  9398 | D:11     | Killed a purple ugly thing
  9478 | D:11     | Noticed a red ugly thing
  9494 | D:11     | Slain by a red ugly thing

Vault maps used:
D:1:      lightli_arrival_statuegarden, minmay_rat_gold_closets
D:2:      first_bread
D:3:      hex_tiny
D:4:      grunt_dithmenos_shadows, uniq_eustachio, uniq_robin
D:5:      uniq_menkaure
D:6:      grunt_temple_overflow_open
D:8:      uniq_grum
D:9:      lemuel_ice_spiral_2, nemelex_xobeh_ov_fountains_minmay,
          kennysheep_generic_room_5
D:10:     orc_david_3, nicolae_trove_entry_diagonal, hangedman_stone_soup,
          uniq_snorg
D:11:     david_lair_shrubbed, minivault_22, kennysheep_small_square
Temple:   regret_index_temple_sphere_string

Skill      XL: |  1  2  3  4  5  6  7  8  9 10 11 |
---------------+----------------------------------+-----
Unarmed Combat | 4 5 6 8 9 10 12 13 | 13.7
Dodging        | 5 |  5.4
Shields        | 2 6 8 9 |  9.0
Fighting       | |  2.4
Stealth        | |  1.0

Action                   |  1- 3 |  4- 6 |  7- 9 | 10-12 || total
-------------------------+-------+-------+-------+-------++-------
Melee: Unarmed           |   100 |   141 |   346 |   281 ||   868
       Punch             |       |     3 |     1 |       ||     4
Invok: Heroism           |       |       |     4 |    10 ||    14
  Use: Potion            |       |       |     1 |     2 ||     3
  Eat: Chunk             |    13 |    11 |    27 |    32 ||    83
       Fruit             |       |       |     5 |       ||     5
       Beef jerky        |       |       |     2 |       ||     2
       Meat ration       |       |       |     1 |       ||     1
Armor: Robe              |    27 |    41 |    51 |    12 ||   131
Dodge: Dodged            |    45 |    67 |   138 |    94 ||   344
Block: Shield            |       |       |   126 |   128 ||   254
       Reflection        |       |       |       |     2 ||     2
